 Dungeon Sprint DCSS version 0.18-a0-1577-gf591c28 (webtiles) character file.

62 pipel the Poker (level 3, -2/27 HPs)
             Began as a Minotaur Necromancer on Mar 19, 2016.
             Was an Initiate of Okawaru.
             Slain by an iguana (12 damage)
             ... in the Dungeon (Sprint VII: "The Pits").
             The game lasted 00:01:49 (121 turns).

pipel the Poker (Minotaur Necromancer)               Turns: 121, Time: 00:01:49

Health: -2/27      AC:  2    Str: 12    XL:     3   Next: 85%
Magic:  1/4        EV: 13    Int: 13    God:    Okawaru [......]
Gold:   0          SH:  0    Dex: 10    Spells: 2 memorised, 3 levels left

rFire  . . .     SeeInvis .     j - +2 trident (pierce)
rCold  . . .     Gourm    .     a - +0 robe
rNeg   . . .     Faith    .     (no shield)
rPois  .         Spirit   .     (helmet restricted)
rElec  .         Dismiss  .     (no cloak)
rCorr  .         Reflect  .     (no gloves)
SustAt .         Harm     .     (no boots)
MR     .....     NoTele   +     (no amulet)
Stlth  ++........               (no ring)
                                (no ring)

@: not resistant to hostile enchantments, unstealthy
A: retaliatory headbutt, horns 2
a: Renounce Religion


You were in the Dungeon.
You worshipped Okawaru.
Okawaru was noncommittal.
You were not hungry.

You visited 1 branch

Inventory:

Hand Weapons
 j - a +2 trident of piercing (weapon)
Missiles
 n - 8 stones (quivered)
Armour
 a - a +0 robe (worn)
Magical Staves
 o - an uncursed staff of energy
Scrolls
 i - a scroll of blinking
 p - 3 scrolls of remove curse
 q - 5 scrolls of amnesia
 r - a scroll of summoning
 s - 2 scrolls of vulnerability
Potions
 d - a potion of curing
 e - a potion of heal wounds
 f - a potion of haste
 g - 4 potions of magic
 h - 3 potions of berserk rage
 m - 2 potions of invisibility
Books
 b - a book of Necromancy

   Spells                             Type                      Level
   a - Pain                           Necromancy                   1
   b - Animate Skeleton               Necromancy                   1
   c - Vampiric Draining              Necromancy                   3
   d - Regeneration                   Charms/Necromancy            3
   e - Animate Dead                   Necromancy                   4
   f - Control Undead                 Necromancy                   4
Comestibles
 c - 8 bread rations
 k - 40 fruits
 l - 7 meat rations
 t - 9 chunks of flesh


   Skills:
 + Level 0.8 Fighting
 * Level 5.6 Polearms
 + Level 0.2 Throwing
 + Level 4.2 Dodging
 - Level 1.8 Stealth
 - Level 1.6 Spellcasting
 - Level 4.3 Necromancy


You had 3 spell levels left.
You knew the following spells:

 Your Spells              Type           Power        Failure   Level  Hunger
a - Animate Skeleton      Necr           N/A          6%          1    ##.....
p - Pain                  Necr           ##..         6%          1    ##.....


Dungeon Overview and Level Annotations

Branches:
Dungeon (1/1)

Altars:
Ashenzari
Cheibriados
Dithmenos
Elyvilon
Fedhas
Gozag
Kikubaaqudgha
Makhleb
Nemelex Xobeh
Okawaru
Pakellas
Qazlal
Ru
Sif Muna
Trog
Vehumet
Xom
Yredelemnul
Zin
The Shining One
Beogh
Jiyva
Lugonu


Innate Abilities, Weirdness & Mutations

You reflexively headbutt those who attack you in melee.
You have a pair of horns on your head.


Message History

You see here a spear.
Attack whom?
Press: ? - help, Dir - move target cursor, f - iguana
Aim: an iguana (heavily wounded)
You reach to attack!
You catch the helpless iguana momentarily off-guard.
You hit the iguana.
The iguana is almost dead.
The iguana hisses menacingly.
The iguana bites your ball python skeleton!
Your ball python skeleton is destroyed!
Attack whom?
Press: ? - help, Dir - move target cursor, f/p - iguana
Aim: an iguana (almost dead)
You reach to attack!
You hit the iguana but do no damage.
The iguana is almost dead.
You closely miss the iguana. Your headbutt misses the iguana.
The iguana is almost dead.
The iguana bites you!
You die...

#...........'..........
#+#####'#####......#..#
#..#.)# #..........
#..'..# ####'#####+
#..#### #.......#
#..#..# #.......#
#..#..# #.......#
##†#l.#+###...<...#
#...@(...##.......#
#.....(..##.......#
###########.......#
#########


You could see an iguana.

Vanquished Creatures
  A worker ant (D)
  2 gnolls (D)
  A giant eyeball (D)
  2 ball pythons (D)
  A bat (D)
  A quokka (D)
8 creatures vanquished.

Vanquished Creatures (collateral kills)
  A gnoll (D)
1 creature vanquished.

Grand Total: 9 creatures vanquished

Notes
Turn   | Place    | Note
--------------------------------------------------------------
     0 | D        | pipel the Minotaur Necromancer began the quest for the Orb.
     0 | D        | Reached XP level 1. HP: 14/14 MP: 1/1
    16 | D        | Learned a level 1 spell: Animate Skeleton
    31 | D        | Found a sacrificial altar of Ru.
    31 | D        | Found a basalt altar of Yredelemnul.
    31 | D        | Found a glowing golden altar of the Shining One.
    31 | D        | Found a deep blue altar of Sif Muna.
    31 | D        | Found a burning altar of Makhleb.
    31 | D        | Found an ancient bone altar of Kikubaaqudgha.
    31 | D        | Found a glowing silver altar of Zin.
    32 | D        | Found a shadowy altar of Dithmenos.
    32 | D        | Found a bloodstained altar of Trog.
    32 | D        | Found a shattered altar of Ashenzari.
    32 | D        | Found a white marble altar of Elyvilon.
    32 | D        | Found a snail-covered altar of Cheibriados.
    32 | D        | Found a blossoming altar of Fedhas.
    32 | D        | Found a radiant altar of Vehumet.
    32 | D        | Found a shimmering altar of Xom.
    32 | D        | Found a sparkling altar of Nemelex Xobeh.
    32 | D        | Found a corrupted altar of Lugonu.
    32 | D        | Found a viscous altar of Jiyva.
    32 | D        | Found a roughly hewn altar of Beogh.
    32 | D        | Found an iron altar of Okawaru.
    33 | D        | Found an oddly glowing altar of Pakellas.
    36 | D        | Found a stormy altar of Qazlal.
    37 | D        | Found an opulent altar of Gozag.
    39 | D        | Became a worshipper of Warmaster Okawaru
    76 | D        | Reached XP level 2. HP: 17/20 MP: 0/3
    85 | D        | Reached skill level 2 in Polearms
   103 | D        | Reached skill level 4 in Polearms
   103 | D        | Reached XP level 3. HP: 22/27 MP: 1/4
   111 | D        | Reached skill level 5 in Polearms
   121 | D        | Slain by an iguana

Vault maps used:
D:        pitsprint

Skill      XL: |  1  2  3 |
---------------+----------+-----
Necromancy     | 4 |  4.3
Polearms       | 4 5 |  5.6
Dodging        | 4 |  4.2
Fighting       | |  0.8
Throwing       | |  0.2
Stealth        | |  1.8
Spellcasting   | |  1.6

Action                   || total
-------------------------++-------
Melee: Trident           ||    19
       Unarmed           ||     2
Throw: Stone             ||     3
 Cast: Animate Skeleton  ||     3
       Pain              ||     2
 Stab: Distracted        ||     1
